 Dungeon Crawl Stone Soup version 0.27-a0-1319-geec4fb4e21 (webtiles) character file.

Game seed: 3648317050228015280

17394 night the Thaumaturge (level 12, -14/81 HPs)
             Began as a Djinni Ice Elementalist on June 21, 2021.
             Was a Priest of Hepliaklqana.
             Demolished by a two-headed ogre (18 damage)
             ... on level 11 of the Dungeon.
             The game lasted 00:30:50 (15158 turns).

night the Thaumaturge (Djinni Ice Elementalist)    Turns: 15158, Time: 00:30:51

Health: -14/81     AC: 14    Str:  8    XL:     12   Next: 82%
Gold:   631        EV: 15    Int: 20    God:    Hepliaklqana [***...] SH:  0 Dex: 15

rFire    + + .     SeeInvis +     - Unarmed
rCold    x . .     Faith    .   (no shield)
rNeg     . . .     Spirit   .   o - +2 leather armour "Eriolarir" {rCorr SInv}
rPois    ∞         Reflect  .   (helmet restricted)
rElec    .         Harm     .   y - +1 cloak {Stlth+}
rCorr    +         Rampage  .   (no gloves)
Will     +....                  (boots unavailable)
Stlth    +++.......             I - amulet of regeneration
HPRegen  1.23/turn              H - +4 ring of evasion
MPRegen  0.00/turn              (no ring)

@: ice-armoured, freezing walls, flying
A: reduced essence, sickness immunity, fire resistance 2, cold vulnerability 1,
float, innate caster, hp casting, extra vitality 1, horns 1, subdued magic 1
a: Renounce Religion, Recall Ancestor, Ancestor Identity, Transference


You were on level 11 of the Dungeon.
You worshipped Hepliaklqana.
Hepliaklqana was most pleased with you.
You visited 2 branches of the dungeon, and saw 12 of its levels.

You collected 631 gold pieces.

Inventory:

Missiles
 g - 359 stones
 h - 27 boomerangs
 j - 24 poisoned darts (quivered)
 l - 60 sling bullets
 s - 4 throwing nets
 D - 7 curare-tipped darts
Armour
 a - a +0 robe
 f - a +0 helmet
 o - the +2 leather armour "Eriolarir" (worn) {rCorr SInv}
   (You found it on level 5 of the Dungeon)

   It lets you see invisible.
   It protects you from acid and corrosion.
 y - a +1 cloak of stealth (worn)
 G - +0 steam dragon scales
Jewellery
 e - a ring of fire
 H - a +4 ring of evasion (left hand)
 I - an amulet of regeneration (around neck)
 J - a ring of resist corrosion
Wands
 p - a wand of iceblast (16)
 K - a wand of mindburst (11)
Scrolls
 m - 12 scrolls of identify
 n - 4 scrolls of teleportation
 t - a scroll of summoning
 w - 4 scrolls of enchant armour {unknown}
 x - 2 scrolls of noise {unknown}
 z - a scroll of fear
 C - a scroll of brand weapon
Potions
 b - 3 potions of attraction
 c - 2 potions of invisibility
 d - 5 potions of curing
 i - 2 potions of mutation
 k - a potion of flight {unknown}
 q - a potion of ambrosia {unknown}
 r - 2 potions of berserk rage {unknown}
 u - 3 potions of heal wounds {unknown}
 v - 3 potions of might {unknown}
 E - a potion of brilliance {unknown}
 F - a potion of haste {unknown}
Miscellaneous
 A - a phantom mirror
 B - a lightning rod (4/4)


   Skills:
 + Level 10.1 Fighting
 - Level 2.1 Dodging
 - Level 1.5 Stealth
 + Level 10.1 Unarmed Combat
 * Level 11.4 Spellcasting


You had 4 spell levels left.
You knew the following spells:

 Your Spells              Type           Power      Damage    Failure   Level
a - Freeze                Ice            100%       1d11      1%          1
b - Frozen Ramparts       Ice            88%        1d10      1%          3
c - Ozocubu's Armour      Ice            44%        N/A       1%          3
d - Hailstorm             Conj/Ice       44%        3d10      1%          4
e - Metabolic Englaciati  Hex/Ice        22%        N/A       1%          5
f - Magic Dart            Conj           100%       1d8       1%          1
g - Slow                  Hex            44%        N/A       1%          2
h - Wereblood             Tmut           44%        N/A       1%          2
i - Summon Guardian Gole  Hex/Summ       44%        N/A       1%          3
j - Bolt of Magma         Conj/Fire/Erth 22%        4d11      1%          5
Your spell library was empty.

Dungeon Overview and Level Annotations

Branches:
Dungeon (11/15)            Temple (1/1) D:4            Lair (0/6) D:11
    Orc (0/2) D:9

Altars:
Ashenzari
Cheibriados
Dithmenos
Elyvilon
Fedhas
Gozag
Hepliaklqana
Kikubaaqudgha
Makhleb
Nemelex Xobeh
Okawaru
Qazlal
Ru
Sif Muna
Trog
Uskayaw
Vehumet
Wu Jian
Xom
Yredelemnul
Zin
The Shining One
Beogh

Shops:
D:9 ?

Annotations:
D:9 3 runed translucent doors, Tempus's ghost, novice OpEE


Innate Abilities, Weirdness & Mutations

Your life essence is reduced to manifest your ancestor. (-10% HP)
You are immune to sickness and miasma.
You are immune to poison.
Your flesh is very heat resistant. (rF++)
You are vulnerable to cold. (rC-)
You float through the air rather than walking.
You learn spells naturally, not from books.
Your magical power is your life essence.
You have superior vitality. (+4 HP)
You have a pair of small horns on your head.
Your spells are a little easier to cast, but a little less powerful.


Message History

The two-headed ogre completely misses you.
Your Fighting skill increases to level 10!
Your Unarmed Combat skill increases to level 10!
You are too injured to fight recklessly!
You hit the two-headed ogre.
The two-headed ogre is heavily wounded.
The wall freezes the ogre.
The wall freezes the two-headed ogre.
Tlalli hits the ogre with a +0 dagger of draining!
The wall freezes the two-headed ogre!
The two-headed ogre hits you with a +0 giant spiked club.
The two-headed ogre hits you but does no damage.
Casting: Bolt of Magma (dangerous; 2% risk of failure)
Confirm with . or Enter, or press ? or * to list all spells.
Aiming: Bolt of Magma (dangerous; 2% risk of failure)
Press: ? - help, Shift-Dir - straight line, f - ogre, p - ogre mage
Aim: an ogre, wielding a +0 giant spiked club (severely wounded, lightly drained, 86% to hit)
The bolt of magma misses the two-headed ogre.
The bolt of magma hits the ogre!!
You kill the ogre!
The bolt of magma hits the ogre!!
You kill the ogre!
The wall freezes the two-headed ogre.
The two-headed ogre closely misses you.
The two-headed ogre hits you with a +0 giant club!
* * * LOW HITPOINT WARNING * * *
You punch the two-headed ogre!
The two-headed ogre is severely wounded.
The wall freezes the two-headed ogre.
The two-headed ogre barely misses you.
The two-headed ogre hits you but does no damage.
The wall freezes the two-headed ogre!
The two-headed ogre closely misses you.
The two-headed ogre hits you with a +0 giant club!
* * * LOW HITPOINT WARNING * * *
The ogre mage barely misses Tlalli.
It was a potion of mutation.
You feel extremely strange. A pair of horns grows on your head!
Your +0 helmet falls away!
Your connection to magic feels subdued.
Tlalli hits the ogre mage with a +0 dagger of draining.
The wall freezes the two-headed ogre!
The two-headed ogre hits you with a +0 giant spiked club!!
You die... #.......### #.. ##.......## #).# #........## .. ..# #...##....# OOO

..# #.#####..## ...O
#.# #........#
....###.###...##.[##
.....)#O##........#
....OR)O@#...#....#
.....#..###..###..#
.#..##.#....# ####
#..........#
####.......#
#.......# ##.....##
#...### #....


You could see the friendly Tlalli the hexer, 2 two-headed ogres and an ogre mage
(invisible, ally target).

Vanquished Creatures
  4 two-headed ogres
  The ghost of bmj180 the Conjurer, a novice HuCj of Vehumet (D:7)
  5 skeletal warriors
  Pikel (D:4)
  An unseen horror (D:10)
  A kobold demonologist (D:11)
  A hornet (D:10)
  A meliai zombie (D:11)
  3 wyverns
  6 yaks
  8 vampire mosquitoes
  A steam dragon (D:10)
  2 water moccasins
  7 orc warriors
  A black bear (D:5)
  7 ogres
  A centaur (D:9)
  A phantom (D:5)
  3 lemures (D:4)
  A kobold brigand (D:8)
  5 bullfrogs
  7 scorpions
  A water moccasin zombie (D:5)
  A water moccasin skeleton (D:5)
  7 killer bees
  6 wights (D:8)
  3 howler monkeys (D:10)
  A centaur zombie (D:8)
  6 crimson imps (D:8)
  A jelly (D:5)
  4 hounds
  5 orc priests
  A gnoll shaman (D:5)
  A bullfrog skeleton (D:4)
  Ijyb (D:5)
  3 iguanas
  17 orc wizards
  A hound skeleton (D:4)
  A howler monkey zombie (D:9)
  A howler monkey skeleton (D:6)
  11 gnolls
  7 adders
  2 river rats (D:4)
  3 shadow imps
  A worm (D:2)
  A dart slug (D:1)
  37 orcs
  7 endoplasms
  4 giant cockroaches
  6 goblins
  6 hobgoblins
  12 jackals
  3 quokkas
  9 ball pythons
  4 bats
  A frilled lizard (D:3)
  11 kobolds
  A quokka skeleton (D:4)
  4 rats
259 creatures vanquished.

Vanquished Creatures (collateral kills)
  2 two-headed ogres
  Erica (D:9)
  Joseph (D:10)
  2 yaks
  A vampire mosquito (D:11)
  2 orc warriors
  2 killer bees (D:10)
  2 wights (D:8)
  A centaur zombie (D:9)
  A jelly (D:7)
  An orc priest (D:9)
  A bullfrog skeleton (D:6)
  An iguana (D:7)
  2 gnolls (D:6)
  A shadow imp (D:5)
  A white imp (D:8)
22 creatures vanquished.

Vanquished Creatures (others)
  7 hexers
  6 fungi (D:11)
  18 plants
31 creatures vanquished.

Grand Total: 312 creatures vanquished

Notes
Turn   | Place    | Note
-------+----------+-------------------------------------------
     0 | D:1      | night the Djinni Ice Elementalist began the quest for the
                  | Orb.
     0 | D:1      | Reached XP level 1. HP: 15/15 MP: 0/0
   238 | D:1      | Reached XP level 2. HP: 19/22 MP: 0/0
   549 | D:1      | HP: 2/22 [frozen (6)]
  1495 | D:2      | Reached skill level 1 in Fighting
  1495 | D:2      | Reached skill level 1 in Unarmed Combat
  1495 | D:2      | Reached XP level 3. HP: 23/27 MP: 0/0
  1495 | D:2      | Learned a level 1 spell: Magic Dart
  1758 | D:2      | Reached XP level 4. HP: 31/32 MP: 0/0
  2003 | D:2      | Found a hide-covered altar of Uskayaw.
  2006 | D:2      | Found a faded altar of an unknown god.
  2638 | D:3      | Reached skill level 4 in Spellcasting
  2639 | D:3      | Reached skill level 2 in Unarmed Combat
  2639 | D:3      | Reached XP level 5. HP: 6/38 MP: 0/0
  2639 | D:3      | Learned a level 2 spell: Slow
  2640 | D:3      | HP: 4/38 [orc priest (1)]
  2934 | D:3      | Reached skill level 2 in Fighting
  3661 | D:3      | Reached XP level 6. HP: 39/45 MP: 0/0
  4271 | D:4      | Noticed Pikel
  4514 | D:4      | Reached XP level 7. HP: 46/50 MP: 0/0
  4514 | D:4      | Learned a level 2 spell: Wereblood
  4593 | D:4      | Reached skill level 5 in Spellcasting
  4761 | D:4      | Found a staircase to the Ecumenical Temple.
  4771 | Temple   | Entered the Ecumenical Temple
  4894 | Temple   | Became a worshipper of Hepliaklqana the Forgotten
  4927 | D:4      | Found an iron altar of Okawaru.
  5969 | D:4      | Killed Pikel
  5970 | D:4      | Reached skill level 6 in Spellcasting
  5970 | D:4      | Reached XP level 8. HP: 30/58 MP: 0/0
  6261 | D:5      | Entered Level 5 of the Dungeon
  6840 | D:5      | Identified the +2 leather armour "Eriolarir" {rCorr SInv}
  6966 | D:5      | Noticed Ijyb
  6978 | D:5      | Killed Ijyb
  6979 | D:5      | Reached skill level 5 in Fighting
  6993 | D:5      | Reached skill level 5 in Unarmed Combat
  6993 | D:5      | Reached XP level 9. HP: 53/65 MP: 0/0
  6993 | D:5      | Learned a level 3 spell: Summon Guardian Golem
  7377 | D:5      | You are sucked into a shaft and drop 1 floor!
  7463 | D:6      | Reached skill level 7 in Spellcasting
  7664 | D:5      | Found a hide-covered altar of Uskayaw.
  7924 | D:5      | Reached * piety under Hepliaklqana
  8839 | D:6      | Found a glowing silver altar of Zin.
  8840 | D:6      | Noticed an angel
  8841 | D:6      | Found a shimmering altar of Xom.
  9401 | D:7      | Found a runed translucent door.
  9405 | D:7      | Reached ** piety under Hepliaklqana
  9406 | D:7      | Remembered your ancestor Tlalli as a hexer
  9420 | D:7      | Noticed bmj180's ghost (novice HuCj)
  9491 | D:7      | HP: 5/59 [bmj180's ghost (5)]
  9491 | D:7      | HP: 1/59 [bmj180's ghost (4)]
  9493 | D:7      | Killed bmj180's ghost
  9494 | D:7      | Reached skill level 8 in Spellcasting
  9494 | D:7      | Reached XP level 10. HP: 1/65 MP: 0/0
 10041 | D:7      | Found a bloodstained altar of Trog.
 10158 | D:7      | Found a basalt altar of Yredelemnul.
 10708 | D:8      | Noticed a two-headed ogre
 10717 | D:8      | Killed a two-headed ogre
 10890 | D:8      | Reached skill level 9 in Spellcasting
 11278 | D:8      | Found a snail-covered altar of Cheibriados.
 11614 | D:9      | Found a stormy altar of Qazlal.
 11614 | D:9      | Found a sacrificial altar of Ru.
 11614 | D:9      | Found a sparkling altar of Nemelex Xobeh.
 11634 | D:9      | Noticed a two-headed ogre
 11639 | D:9      | Reached XP level 11. HP: 66/72 MP: 0/0
 11639 | D:9      | Learned a level 5 spell: Bolt of Magma
 11645 | D:9      | Killed a two-headed ogre
 11670 | D:9      | Found an ornate altar of the Wu Jian Council.
 11980 | D:9      | Found a runed translucent gate.
 11981 | D:9      | Found a runed translucent gate.
 11982 | D:9      | Found a runed translucent gate.
 11983 | D:9      | Noticed Tempus's ghost (novice OpEE)
 11983 | D:9      | Noticed Erica
 11987 | D:9      | Found Uqiopiy's Magic Scroll Boutique.
 11995 | D:9      | HP: 9/72 [rock wall collision (2)]
 11996 | D:9      | Killed Erica
 12000 | D:9      | HP: 4/73 [centaur (4)]
 12326 | D:9      | Identified the +1 chain mail of Day {rF+ Int+4 Dex-2}
 12419 | D:9      | Reached skill level 10 in Spellcasting
 12758 | D:9      | Reached *** piety under Hepliaklqana
 12958 | D:9      | Found a staircase to the Orcish Mines.
 13400 | D:10     | Entered Level 10 of the Dungeon
 13400 | D:10     | Noticed Joseph
 13410 | D:10     | Killed Joseph
 14310 | D:10     | Found a blossoming altar of Fedhas.
 14480 | D:11     | Found a staircase to the Lair.
 14488 | D:11     | Noticed a skeletal warrior
 14811 | D:11     | Reached XP level 12. HP: 68/80 MP: 0/0
 14827 | D:11     | Noticed a skeletal warrior
 14833 | D:11     | Noticed a skeletal warrior
 14837 | D:11     | Noticed a two-headed ogre
 14852 | D:11     | Killed a skeletal warrior
 14852 | D:11     | Killed a skeletal warrior
 14852 | D:11     | Killed a two-headed ogre
 14857 | D:11     | HP: 12/81 [skeletal warrior[a skeletal warrior] (11)]
 14903 | D:10     | Killed a skeletal warrior
 14976 | D:11     | Reached skill level 11 in Spellcasting
 15001 | D:11     | Noticed a skeletal warrior
 15003 | D:11     | Noticed a skeletal warrior
 15013 | D:11     | Killed a skeletal warrior
 15016 | D:11     | Killed a skeletal warrior
 15141 | D:11     | Noticed a two-headed ogre
 15142 | D:11     | Noticed a two-headed ogre
 15144 | D:11     | Noticed a two-headed ogre
 15144 | D:11     | Noticed a two-headed ogre
 15144 | D:11     | Noticed a two-headed ogre
 15145 | D:11     | Noticed an ogre mage
 15152 | D:11     | Killed a two-headed ogre
 15154 | D:11     | Killed a two-headed ogre
 15154 | D:11     | Killed a two-headed ogre
 15155 | D:11     | Reached skill level 10 in Fighting
 15155 | D:11     | Reached skill level 10 in Unarmed Combat
 15157 | D:11     | HP: 3/81 [two-headed ogre (15)]
 15158 | D:11     | Gained mutation: You have a pair of small horns on your
                  | head. [potion of mutation]
 15158 | D:11     | Gained mutation: Your spells are a little easier to cast,
                  | but a little less powerful. [potion of mutation]
 15158 | D:11     | Demolished by a two-headed ogre

Illustrated notes

Levels and vault maps discovered:
D:1:      nzn_arrival_water_spiral, layout_rooms, serial_forest,
          infiniplex_forest_lined_corner, infiniplex_forest_fountain,
          infiniplex_forest_lined_3, infiniplex_forest_clump_double,
          infiniplex_forest_clump_curved, infiniplex_forest_lined_room_2,
          infiniplex_forest_straight_2, infiniplex_forest_3_way,
          minmay_split_cup_small
D:2:      layout_rooms, basic_ecumenical_altar, basic_altar, minmay_octomino_j4
D:3:      layout_loops_ring
D:4:      layout_basic, kennysheep_okawaru_gauntlet,
          minmay_temple_entry_large_hall, gup_sewer_entry_bowl, uniq_pikel
D:5:      layout_rooms, nicolae_uskayaw_dance_hall, uniq_ijyb
D:6:      layout_loops_ring, grunt_temple_overflow_order_and_chaos_1,
          kennysheep_generic_room_8
D:7:      layout_loops_ring, lightli_temple_of_fire, general_overflow_altar,
          ebering_ghost_reflecting_pool
D:8:      layout_loops_ring, amcnicky_altar_gilded, minmay_nine_imps
D:9:      layout_loops_ring, chequers_temple_overflow_statue_of_worship,
          jmf_multi_god_temple, david_orc_4, biasface_ghost_orc_armoury,
          nicolae_take_the_stairs, evilmike_butchery, uniq_erica
D:10:     layout_roguey, lemuel_coloured_pillars_altar, uniq_joseph
D:11:     layout_cave_pools, minmay_lair_entry_grove, uniq_erolcha
Temple:   nicolae_temple_figure_zero

Skill      XL: |  1  2  3  4  5  6  7  8  9 10 11 12 |
---------------+-------------------------------------+-----
Fighting       | 1 2 3 4 5 6 7 9 10 | 10.1
Unarmed Combat | 1 2 3 4 5 6 7 9 10 | 10.1
Spellcasting   | 4 6 8 9 10 11 | 11.4
Dodging        | |  2.1
Stealth        | |  1.5

Action                   |  1- 3 |  4- 6 |  7- 9 | 10-12 || total
-------------------------+-------+-------+-------+-------++-------
Melee: Unarmed           |     7 |    62 |   163 |   164 ||   396
       Punch             |       |       |     7 |     6 ||    13
Throw: Boomerang         |       |     1 |       |       ||     1
       Dart              |       |       |    10 |     1 ||    11
 Cast: Freeze            |    38 |    42 |    43 |    24 ||   147
       Frozen Ramparts   |     2 |    10 |    33 |    32 ||    77
       Magic Dart        |       |     1 |     1 |       ||     2
       Ozocubu's Armour  |       |     2 |    15 |    22 ||    39
       Slow              |       |       |     1 |       ||     1
       Bolt of Magma     |       |       |       |    13 ||    13
Invok: Ancestor Identity |       |       |     2 |       ||     2
       Ancestor Life: He |       |       |     1 |       ||     1
Evoke: Wand              |       |       |     1 |     4 ||     5
  Use: Scroll            |     2 |     5 |     3 |       ||    10
       Potion            |       |     1 |       |     2 ||     3
 Stab: Invisible         |       |     1 |       |       ||     1
       Sleeping          |       |       |     1 |       ||     1
       Distracted        |       |       |     1 |     2 ||     3
       Confused          |       |       |       |     1 ||     1
Armor: Robe              |    13 |    22 |    17 |       ||    52
       Leather armour    |       |       |    21 |    56 ||    77
Dodge: Dodged            |    38 |    52 |   117 |   147 ||   354

Table legend: (Time is in decaauts)
 A = Elapsed time spent in this place.
 B = Non-inter-level travel time spent in this place.
 C = Inter-level travel time spent in this place.
 D = Time resting spent in this place.
 E = Time spent auto-exploring this place.
 F = Levels seen in this place.
 G = Mean time per level.
                   A        B        C        D        E       F      G
               +--------+--------+--------+--------+--------+-----+--------+
         Total |  15119 |  14696 |    423 |   2921 |   9949 |  12 | 1259.9 |
       Dungeon |  14984 |  14579 |    405 |   2921 |   9836 |  11 | 1362.2 |
        Temple |    134 |    116 |     18 |      0 |    113 |   1 |  134.0 |
               +--------+--------+--------+--------+--------+-----+--------+

Top non-repeatable levels by time:
     D:4: 2790 daAuts
     D:9: 1780 daAuts
     D:1: 1487 daAuts
    D:10: 1446 daAuts
     D:2: 1390 daAuts
     D:8: 1282 daAuts
     D:7: 1203 daAuts
     D:5: 1172 daAuts
     D:6: 1151 daAuts
     D:3: 980 daAuts
    D:11: 299 daAuts
  Temple: 134 daAuts
